 Dungeon Crawl Stone Soup version 0.28.0-43-g3370ac3207 (webtiles) character file.

Game seed: 8724550496685991453

3928 RatsInWalls the Protected (level 10, 86/86 HPs)
             Began as a Minotaur Monk on Mar 29, 2022.
             Was an Elder of Elyvilon.
             Quit the game in the Ecumenical Temple on Mar 30, 2022.
             The game lasted 00:44:27 (8137 turns).

RatsInWalls the Protected (Minotaur Monk)           Turns: 8137, Time: 00:44:27

Health: 86/86      AC: 13    Str: 18    XL:     10   Next: 1%
Magic:  13/13      EV:  9    Int:  7    God:    Elyvilon [****..]
Gold:   254        SH: 10    Dex: 15    Spells: 9/9 levels left

rFire   + . .      SeeInvis .   y - +8 whip "Snakebite" {venom, curare, rPois}
rCold   . . .      Faith    .   G - +0 buckler
rNeg    . . .      Spirit   .   a - +1 chain mail
rPois   +          Reflect  +   (helmet restricted)
rElec   .          Harm     .   (no cloak)
rCorr   +          Rampage  .   e - +0 pair of gloves
Will    .....                   (no boots)
Stlth   ..........              A - amulet of reflection
HPRegen 0.24/turn               j - ring of resist corrosion
MPRegen 0.13/turn               x - ring of protection from fire

@: no status effects
A: horns 2, retaliatory headbutt
a: Renounce Religion, Purification, Heal Other, Heal Self


You were in the Ecumenical Temple.
You worshipped Elyvilon.
Elyvilon was greatly pleased with you.
You visited 2 branches of the dungeon, and saw 9 of its levels.

You collected 368 gold pieces.
You spent 114 gold pieces at shops.

Inventory:

Hand Weapons
 t - a +0 war axe
 y - the +8 whip "Snakebite" (weapon) {venom, curare, rPois}
   (You took it off an orc on level 6 of the Dungeon)

   It poisons the flesh of those it strikes.
   It occasionally inflicts asphyxiating poison on those it strikes, dealing
   poison damage and causing slowness.
   rPois:     It protects you from poison.
Missiles
 c - 148 stones
 d - 4 javelins (quivered)
 B - a boomerang
Armour
 a - a +1 chain mail (worn)
 e - a +0 pair of gloves (worn)
 G - a +0 buckler (worn)
Jewellery
 j - a ring of resist corrosion (left hand)
 x - a ring of protection from fire (right hand)
 A - an amulet of reflection (around neck)
Wands
 n - a wand of polymorph (7)
 s - a wand of flame (9)
 w - a wand of mindburst (11)
 z - a wand of acid (12)
 K - a wand of iceblast (7)
Scrolls
 b - a scroll of torment {unknown}
 f - 3 scrolls of enchant armour
 g - 3 scrolls of teleportation
 l - a scroll of fog {unknown}
 m - 5 scrolls of amnesia
 p - 2 scrolls of vulnerability {unknown}
 C - a scroll of summoning {unknown}
 D - a scroll of immolation {unknown}
 E - 2 scrolls of blinking {unknown}
 J - a scroll of identify
Potions
 h - a potion of might
 i - 3 potions of heal wounds
 k - a potion of attraction
 o - 2 potions of brilliance
 q - 2 potions of magic {unknown}
 r - a potion of berserk rage {unknown}
 u - 2 potions of mutation
 v - 3 potions of flight
 F - a potion of resistance {unknown}
 H - a potion of lignification {unknown}
 I - 2 potions of curing


   Skills:
 + Level 7.0 Fighting
 - Level 5.7(7.4) Axes
 * Level 7.2(8.2) Maces & Flails
 + Level 4.7 Throwing
 + Level 8.1 Armour
 + Level 4.7 Dodging
 - Level 2.2 Stealth
 * Level 4.4 Shields
 * Level 5.3 Invocations


You had 9 spell levels left.
You didn't know any spells.
Your spell library contained the following spells:

 Spells                   Type           Power      Damage    Failure   Level
 Summon Small Mammal      Summ           0%         N/A       99%         1
 Corpse Rot               Necr/Air       0%         N/A       100%        2
 Call Canine Familiar     Summ           0%         N/A       100%        3
 Summon Guardian Golem    Hex/Summ       0%         N/A       100%        3
 Dispel Undead            Necr           0%         3d6       100%        4
 Hailstorm                Conj/Ice       0%         3d3       100%        4
 Ice Form                 Ice/Tmut       0%         N/A       100%        4
 Death Channel            Necr           0%         N/A       100%        6
 Simulacrum               Ice/Necr       0%         N/A       100%        6


Dungeon Overview and Level Annotations

Branches:
Dungeon (8/15)             Temple (1/1) D:7            Lair (0/6) D:8

Altars:
Ashenzari
Cheibriados
Dithmenos
Elyvilon
Fedhas
Gozag
Hepliaklqana
Kikubaaqudgha
Makhleb
Okawaru
Qazlal
Ru
Sif Muna
Trog
Uskayaw
Vehumet
Xom
Yredelemnul
Zin
The Shining One

Shops:
D:4 ?(   D:8 [

Annotations:
D:4 exclusion: 2 doors


Innate Abilities, Weirdness & Mutations

You have a pair of horns on your head.
You reflexively headbutt those who attack you in melee.


Message History

The white imp shouts!
You see here a wand of iceblast (7).
K - a wand of iceblast (7)
The white imp gestures at you. The puff of frost hits you.
The white imp gestures at you. The puff of frost misses you.
The white imp gestures at you. The puff of frost hits you.
The white imp spits at you. The white imp barely misses you.
You whack the white imp!
You kill the white imp!
No target in view!
No target in view!
There is a stone staircase leading up here.
Okay, then.
You climb upwards.
There is a stone staircase leading down here.
There is a staircase to the Ecumenical Temple here.
You can't go up here!
You climb downwards.
Welcome to the Ecumenical Temple!
Found three altars.
There is a staircase back to the Dungeon here.
Found three altars.
Found three altars.
There is a snail-covered altar of Cheibriados here.
Found three altars.
There is a stormy altar of Qazlal here.
Found three altars.
HP restored.
There is a bloodstained altar of Trog here.
Found a hide-covered altar of Uskayaw.
There is a glowing silver altar of Zin here.
There is a glowing silver altar of Zin here.
Unknown command.
Save game and exit?
Welcome back, RatsInWalls the Minotaur Monk.
Elyvilon says: Go forth and aid the weak!
Press ? for a list of commands and other information.
Are you sure you want to abandon this character and quit the game? (Confirm with "yes".)

#.#≈♣ ...≈♣
#######################.#≈♣
#.................8...#..≈♣
#.....................#.#≈♣
#....._.._.._.._.._...#..≈♣
##.#....................#≈♣
#§_8.._.._.@_.._.._......<♣
##.#....................#≈♣
#....._.._.._.._.._...#..≈♣
#.....................#.#≈♣
#.................8...#..≈♣
#######################.#≈♣
...≈♣ #.#≈♣


There were no monsters in sight!

Vanquished Creatures
  A two-headed ogre (D:7)
  Maggie (D:6)
  2 steam dragons (D:8)
  An acid dragon (D:6)
  2 water moccasins (D:7)
  2 sky beasts
  2 orc warriors
  3 black bears (D:6)
  2 necrophages (D:8)
  3 centaurs
  A phantom (D:5)
  Blork the orc (D:6)
  A bullfrog (D:8)
  A gnoll sergeant (D:6)
  A scorpion (D:6)
  5 killer bees
  A howler monkey (D:6)
  A bullfrog zombie (D:6)
  3 centaur zombies
  A jelly (D:6)
  2 hounds (D:5)
  2 bullfrog skeletons
  A centaur skeleton (D:6)
  An orc priest (D:7)
  4 iguanas (D:5)
  5 orc wizards
  Terence (D:3)
  A howler monkey zombie (D:7)
  Robin (D:2)
  7 gnolls
  5 adders
  A howler monkey skeleton (D:4)
  A white imp (D:8)
  An ufetubus (D:5)
  A dart slug (D:3)
  13 orcs
  12 ball pythons
  4 endoplasms
  5 giant cockroaches
  15 goblins
  8 hobgoblins
  3 jackals (D:3)
  6 kobolds
  4 quokkas
  2 bats (D:1)
  A frilled lizard (D:3)
  7 rats
149 creatures vanquished.

Vanquished Creatures (others)
  2 plants (D:8)
2 creatures vanquished.

Grand Total: 151 creatures vanquished

Notes
Turn   | Place    | Note
-------+----------+-------------------------------------------
     0 | D:1      | RatsInWalls the Minotaur Monk began the quest for the Orb.
     0 | D:1      | Reached XP level 1. HP: 19/19 MP: 0/0
   438 | D:1      | Reached XP level 2. HP: 7/27 MP: 1/1
   962 | D:1      | Reached XP level 3. HP: 24/33 MP: 2/2
  1165 | D:2      | Noticed Robin
  1362 | D:2      | Reached skill level 1 in Armour
  1631 | D:2      | Killed Robin
  1632 | D:2      | Reached XP level 4. HP: 20/40 MP: 3/3
  2042 | D:2      | Reached skill level 2 in Armour
  2294 | D:3      | Noticed Terence
  2301 | D:3      | Killed Terence
  2372 | D:3      | Reached skill level 5 in Axes
  2696 | D:3      | Reached XP level 5. HP: 39/47 MP: 4/4
  3154 | D:4      | Reached skill level 1 in Throwing
  3154 | D:4      | Reached skill level 3 in Armour
  3330 | D:4      | Found an ancient bone altar of Kikubaaqudgha.
  3333 | D:4      | Found a shimmering blue altar of Sif Muna.
  3336 | D:4      | Found a radiant altar of Vehumet.
  3339 | D:4      | Found a white marble altar of Elyvilon.
  3386 | D:4      | Became a worshipper of Elyvilon the Healer
  3386 | D:4      | Reached * piety under Elyvilon
  3386 | D:4      | Reached ** piety under Elyvilon
  3432 | D:4      | Noticed a black bear
  3638 | D:4      | Found Pozunna's Weapon Shoppe.
  3643 | D:4      | Bought a +0 war axe for 49 gold pieces
  3856 | D:4      | Found Uratzis's Magic Scroll Shop.
  3860 | D:4      | Bought a scroll of identify for 26 gold pieces
  3867 | D:4      | Bought a scroll of teleportation for 39 gold pieces
  4077 | D:5      | Entered Level 5 of the Dungeon
  4142 | D:5      | Noticed a phantom
  4180 | D:5      | Killed a phantom
  4181 | D:5      | Reached XP level 6. HP: 45/53 MP: 5/5
  4246 | D:5      | Reached skill level 1 in Invocations
  4249 | D:5      | Reached skill level 5 in Fighting
  4774 | D:5      | Reached XP level 7. HP: 35/61 MP: 7/7
  4947 | D:5      | Identified the +5 ring mail of the Orcish Mines {*Corrode
                  | Dex+4}
  5095 | D:5      | Reached skill level 4 in Armour
  5363 | D:6      | Reached *** piety under Elyvilon
  5735 | D:6      | Noticed Maggie
  5753 | D:6      | Reached skill level 1 in Maces & Flails
  5757 | D:6      | Killed Maggie
  5758 | D:6      | Reached skill level 5 in Armour
  5758 | D:6      | Reached XP level 8. HP: 43/70 MP: 7/9
  5764 | D:6      | Noticed Blork the orc
  5893 | D:6      | Killed Blork the orc
  6106 | D:6      | Reached skill level 6 in Armour
  6748 | D:7      | Noticed a two-headed ogre
  6774 | D:7      | Killed a two-headed ogre
  6775 | D:7      | Reached skill level 5 in Maces & Flails
  6775 | D:7      | Reached skill level 7 in Armour
  6775 | D:7      | Reached XP level 9. HP: 17/78 MP: 11/11
  7050 | D:7      | Identified the +2 ring mail "Seumm" {Will+}
  7192 | D:7      | Reached **** piety under Elyvilon
  7545 | D:7      | Found a staircase to the Ecumenical Temple.
  7659 | D:8      | Reached skill level 5 in Invocations
  7660 | D:8      | Found a staircase to the Lair.
  7892 | D:8      | Reached skill level 8 in Armour
  8055 | D:8      | Reached XP level 10. HP: 83/86 MP: 11/13
  8093 | D:8      | Found Taiseewkau's Armour Shoppe.
  8114 | Temple   | Entered the Ecumenical Temple
  8137 | Temple   | Quit the game

Illustrated notes

Levels and vault maps discovered:
D:1:      nzn_arrival_water_spiral, layout_rooms, nrook_mini_backslash
D:2:      layout_rooms, grunt_ministairs_2, serial_park_tiny_pond,
          hangedman_abyss_or_decor_stabs, uniq_robin
D:3:      layout_loops_ring, nicolae_elevator_lobby_plus, uniq_terence
D:4:      layout_basic, grunt_temple_overflow_cloverleaf, serial_shops, shop,
          shop, uniq_natasha
D:5:      layout_basic, nicolae_concentric_dashed_squares_mild
D:6:      layout_cave_pools, minmay_fountain_box, grunt_ministairs_13,
          uniq_blork_the_orc, uniq_maggie
D:7:      layout_rooms, minmay_temple_entry_from_below_a
D:8:      layout_rooms, lair_entry_dummy, serial_shops, nicolae_stop_n_shop_1,
          amcnicky_mini_rare_corridor_liquid, chequers_mini_garden,
          minmay_statues_item, serial_bayou_pond_a
Temple:   lightli_temple_of_artemis

Skill      XL: |  1  2  3  4  5  6  7  8  9 |
---------------+----------------------------+-----
Axes           | 4 5 |  5.7
Fighting       | 4 5 6 7 |  7.0
Armour         | 1 2 3 5 7 8 |  8.1
Stealth        | 2 |  2.2
Throwing       | 1 2 3 4 |  4.7
Invocations    | 2 3 4 5 |  5.3
Dodging        | 4 |  4.7
Maces & Flails | 2 5 7 |  7.2
Shields        | 2 4 |  4.4

Action                   |  1- 3 |  4- 6 |  7- 9 | 10-12 || total
-------------------------+-------+-------+-------+-------++-------
Melee: Hand axe          |   118 |    81 |       |       ||   199
       Headbutt          |    13 |    18 |    46 |       ||    77
       Unarmed           |       |     2 |       |       ||     2
       War axe           |       |    47 |    28 |       ||    75
       Punch             |       |     1 |     4 |       ||     5
       Whip              |       |       |   175 |     1 ||   176
Evoke: Wand              |       |     3 |     1 |       ||     4
  Use: Scroll            |       |     7 |     2 |       ||     9
       Potion            |       |       |     5 |       ||     5
 Stab: Sleeping          |     1 |       |       |       ||     1
       Invisible         |       |       |     1 |       ||     1
Armor: Ring mail         |    30 |     4 |       |       ||    34
       Robe              |     3 |       |       |       ||     3
       Scale mail        |       |    32 |       |       ||    32
       Chain mail        |       |    30 |    99 |       ||   129
Dodge: Dodged            |    79 |    75 |    72 |     2 ||   228
Block: Buckler           |       |       |    55 |       ||    55
       Other             |       |       |     1 |       ||     1
       Reflection        |       |       |     4 |       ||     4
